 Dungeon Crawl Stone Soup version 0.29-a0-551-gffc1d7fb78 (webtiles) character file.

Game seed: 16114126611172124961

14 enile the Magician (level 2, 0/24 HPs)
             Began as a Meteoran Wanderer on June 6, 2022.
             Was a Follower of Okawaru.
             Slain by a jackal (1 damage)
             ... on level 1 of the Dungeon.
             The game lasted 00:01:00 (471 turns).

enile the Magician (Meteoran Wanderer)               Turns: 471, Time: 00:01:00

Health: 0/24       AC:  2    Str:  9    XL:     2   Next: 82%
Magic:  7/9        EV: 13    Int: 18    God:    Okawaru [*.....]
Gold:   16         SH:  5    Dex: 12    Spells: 11/11 levels left

rFire   . . .      SeeInvis .   a - +0 dagger
rCold   . . .      Faith    .   d - +0 buckler
rNeg    . . .      Spirit   .   c - +0 robe
rPois   .          Reflect  .   (no helmet)
rElec   .          Harm     .   (no cloak)
rCorr   .          Rampage  .   (no gloves)
Will    .....                   (no boots)
Stlth   +.........              (no amulet)
HPRegen 0.08/turn               (no ring)
MPRegen 0.11/turn               (no ring)

@: heroic, glowing
A: sense surroundings 1, otherworldly, glowing, explore regen
a: Renounce Religion, Heroism


You were on level 1 of the Dungeon.
You worshipped Okawaru.
Okawaru was aware of your devotion.
You visited 1 branch of the dungeon, and saw 1 of its levels.

You collected 16 gold pieces.

Inventory:

Hand Weapons
 a - a +0 dagger (weapon)
Armour
 c - a +0 robe (worn)
 d - a +0 buckler (worn)
Potions
 b - a potion of magic {unknown}
 e - 2 potions of heal wounds {unknown}
 f - a potion of brilliance {unknown}


   Skills:
 + Level 1.8(6.8) Fighting
 - Level 2.5(7.5) Shields
 - Level 5.3 Spellcasting
 - Level 2.5 Hexes
 - Level 1.4 Invocations


You had 11 spell levels left.
You didn't know any spells.
Your spell library contained the following spells:

 Spells                   Type           Power      Damage    Failure   Level
 Slow                     Hex            52%        N/A       5%          1
 Blink                    Tloc           8%         N/A       24%         2
 Sublimation of Blood     Necr           4%         N/A       24%         2
 Dazzling Flash           Conj/Hex       18%        N/A       28%         3
 Gell's Gravitas          Tloc           4%         N/A       43%         3


Dungeon Overview and Level Annotations

Branches:
Dungeon (1/15)

Altars:
Okawaru


Innate Abilities, Weirdness & Mutations

You passively map a small area around you.
You are easily found by Zot.
You glow in the dark.
You regain HP and MP as you explore.


Message History

The jackal bites you. x2
* * * LOW HITPOINT WARNING * * *
You hit the jackal.
The jackal is severely wounded.
You block the jackal's attack.
You closely miss the jackal.
The jackal is severely wounded.
The jackal closely misses you. x2
You hit the jackal.
The jackal is almost dead.
The jackal bites you.
* * * LOW HITPOINT WARNING * * *
You barely miss the jackal.
The jackal is almost dead.
The jackal barely misses you. The jackal bites you.
* * * LOW HITPOINT WARNING * * *
You barely miss the jackal.
The jackal is severely wounded.
You block the jackal's attack.
You miss the jackal.
The jackal is severely wounded.
The jackal bites you but does no damage. x2
You barely miss the jackal.
The jackal is severely wounded.
The jackal bites you.
* * * LOW HITPOINT WARNING * * *
You block the jackal's attack.
You closely miss the jackal.
The jackal is severely wounded.
The jackal barely misses you.
You gain the combat prowess of a mighty hero.
The jackal bites you.
* * * LOW HITPOINT WARNING * * *
You hit the jackal but do no damage.
The jackal is severely wounded.
The jackal closely misses you. The jackal barely misses you.
You hit the jackal but do no damage.
The jackal is severely wounded.
The jackal bites you.
You die...

#†# #.# #.# ########.#
#.# #........# #.#
#........##### #.#
##.............
##.#####.......>......
#.............#..#####
########......#..#
#...h@.'.........# ###
##.#####.........# #..
* #.........###.# ,
##+#+#....#...#
#,#.#....#.### * *
#.#...........
#......###.###
#.............
##............


You could see a jackal.

Vanquished Creatures
  2 endoplasms (D:1)
  A giant cockroach (D:1)
  3 hobgoblins (D:1)
  2 quokkas (D:1)
  A frilled lizard (D:1)
  A goblin (D:1)
  A kobold (D:1)
  2 rats (D:1)
13 creatures vanquished.

Vanquished Creatures (others)
  A withered plant (D:1)
1 creature vanquished.

Grand Total: 14 creatures vanquished

Notes
Turn   | Place    | Note
-------+----------+-------------------------------------------
     0 | D:1      | enile the Meteoran Wanderer began the quest for the Orb.
     0 | D:1      | enile set off with the following items: a +0 dagger, a
                  | potion of berserk rage, a +0 robe, a +0 buckler; and the
                  | following spells available to memorise: Slow, Blink,
                  | Sublimation of Blood, Dazzling Flash, Gell's Gravitas
     0 | D:1      | Reached XP level 1. HP: 14/14 MP: 7/7
   127 | D:1      | Reached XP level 2. HP: 7/22 MP: 9/9
   130 | D:1      | Reached skill level 1 in Fighting
   141 | D:1      | Found a faded altar of an unknown god.
   147 | D:1      | Prayed at the altar of an unknown god.
   147 | D:1      | Became a worshipper of Warmaster Okawaru
   147 | D:1      | Reached * piety under Okawaru
   469 | D:1      | HP: 1/24 [jackal (2)]
   471 | D:1      | Slain by a jackal

Illustrated notes

Levels and vault maps discovered:
D:1:      sevenhm_arrival_forest_fort_small_3, layout_basic,
          ebering_ecumenical_altar_petrified, due_unseen_surprise

Skill      XL: |  1  2 |
---------------+-------+-----
Fighting       | 1 |  1.8
Shields        | |  2.5
Spellcasting   | |  5.3
Hexes          | |  2.5
Invocations    | |  1.4

Action                   || total
-------------------------++-------
Melee: Dagger            ||    76
Invok: Heroism           ||     1
  Use: Potion            ||     1
Armor: Robe              ||    16
Dodge: Dodged            ||    24
Block: Buckler           ||    14

Table legend: (Time is in decaauts)
 A = Elapsed time spent in this place.
 B = Non-inter-level travel time spent in this place.
 C = Inter-level travel time spent in this place.
 D = Time resting spent in this place.
 E = Time spent auto-exploring this place.
 F = Levels seen in this place.
 G = Mean time per level.
                   A        B        C        D        E       F      G
               +--------+--------+--------+--------+--------+-----+--------+
         Total |    480 |    480 |      0 |      0 |    318 |   1 |  480.0 |
       Dungeon |    480 |    480 |      0 |      0 |    318 |   1 |  480.0 |
               +--------+--------+--------+--------+--------+-----+--------+

Top non-repeatable levels by time:
     D:1: 480 daAuts
